[Event "Slovakia Open Piestany-A 2022"]
[Site "Piestany"]
[Date "2022.07.12"]
[Round "2.8"]
[White "Turcan, Richard"]
[Black "Sahidi, Samir"]
[Result "1/2-1/2"]
[ECO "C54"]
[WhiteElo "2304"]
[BlackElo "2462"]
[Annotator "ChessBase"]
[PlyCount "216"]
[EventDate "2022.07.12"]
[EventType "swiss"]
[EventCountry "SVK"]
[SourceTitle "playchess.com"]
[Source "ChessBase"]
[SourceQuality "1"]
[TimeControl "40/5400+30:1800+30"]

1. e4 e5 2. Nf3 Nc6 3. Bc4 Bc5 4. c3 Nf6 5. d4 exd4 6. cxd4 Bb4+ 7. Bd2 Bxd2+ 8. Nbxd2 d5 9. exd5 Nxd5 10. Qb3 Nce7 11. O-O O-O 12. Rfe1 Nb6 13. Bxf7+ Rxf7 14. Ng5 Qd5 15. Nxf7 Qxb3 16. Nh6+ gxh6 17. Nxb3 Kf7 18. Re3 Nbd5 19. Rf3+ Nf6 20. Re1 b6 21. Nd2 Bb7 22. Ne4 Bxe4 23. Rxe4 Rd8 24. Kf1 Nc6 25. Ref4 Rd6 26. Rc3 Ke7 27. Re3+ Re6 28. Ke2 Nd5 29. Rxe6+ Kxe6 30. Rh4 h5 31. a3 Nf6 32. Rf4 b5 33. Kd3 Ne7 34. Rf3 Ned5 35. Ke2 c6 36. g3 a5 37. b3 Nb6 38. Re3+ Kd6 39. h3 a4 40. bxa4 Nxa4 41. Re5 Nb6 42. Rf5 Nbd7 43. Rg5 Ke6 44. Kd3 Kf7 45. Rf5 Kg6 46. Rf3 c5 47. Re3 c4+ 48. Kd2 Kf7 49. Re1 Ne8 50. Kc3 Nc7 51. Kb4 Nb6 52. Kc5 Nbd5 53. a4 bxa4 54. Kxc4 Kf6 55. Kc5 Nc3 56. Rc1 Ne6+ 57. Kc4 Ne4 58. Ra1 Nd6+ 59. Kd3 Ng5 60. Rxa4 Nxh3 61. Ke3 Nf5+ 62. Kf3 Ng5+ 63. Ke2 Ne6 64. Kd3 h4 65. gxh4 Nxh4 66. Ra7 h5 67. d5 Nf8 68. Ke4 Nf5 69. Ra6+ Kg5 70. d6 Nd7 71. Ra5 Nf6+ 72. Ke5 Kg6 73. Ra6 Nd7+ 74. Kf4 Ng7 75. Ra7 Ne6+ 76. Ke4 Nef8 77. f4 Kf6 78. Ra5 Ke6 79. Rxh5 Nf6+ 80. Kf3 Nxh5 81. f5+ Kf6 82. Ke4 Nd7 83. Kd5 Kf7 84. f6 Nhxf6+ 85. Kd4 Ke6 86. Ke3 Ke5 87. Kf3 Kd4 88. Kf4 Ne4 89. Kf3 Kd3 90. Kf4 Nd2 91. Kf5 Nc4 92. Kf4 Ke2 93. Ke4 Nce5 94. Kf4 Kd3 95. Kf5 Ke3 96. Ke6 Ke4 97. Ke7 Kd5 98. Kd8 Ke6 99. Kc7 Nc4 100. Kd8 Nce5 101. Kc7 Nf3 102. Kd8 Ng5 103. Ke8 Nf3 104. Kd8 Nfe5 105. Kc7 Kf7 106. Kd8 Kf8 107. Kc8 Kf7 108. Kd8 Ke6 1/2-1/2

[Event "Slovakia Open Piestany-A 2022"]
[Site "Piestany"]
[Date "2022.07.12"]
[Round "2.9"]
[White "Stefansson, Vignir Vatnar"]
[Black "Hrbek, Stepan"]
[Result "0-1"]
[ECO "E11"]
[WhiteElo "2461"]
[BlackElo "2272"]
[Annotator "ChessBase"]
[PlyCount "88"]
[EventDate "2022.07.12"]
[EventType "swiss"]
[EventCountry "SVK"]
[SourceTitle "playchess.com"]
[Source "ChessBase"]
[SourceQuality "1"]
[TimeControl "40/5400+30:1800+30"]

1. d4 Nf6 2. c4 e6 3. g3 Bb4+ 4. Bd2 Be7 5. Bg2 d5 6. Nf3 O-O 7. O-O c6 8. Na3 b6 9. Rc1 Bb7 10. Bf4 Nbd7 11. cxd5 Nxd5 12. Ne5 Nxf4 13. gxf4 Nxe5 14. fxe5 Qd7 15. e3 Rfd8 16. Qa4 c5 17. Qxd7 Rxd7 18. Bxb7 Rxb7 19. dxc5 Bxc5 20. Nc4 Rd8 21. Rfd1 Rbd7 22. Rxd7 Rxd7 23. Kf1 f6 24. Ke2 Kf7 25. a3 Be7 26. f4 Rc7 27. exf6 Kxf6 28. Rc3 g5 29. a4 gxf4 30. exf4 Bb4 31. Rc2 Rd7 32. Ne5 Rd4 33. Rc4 Rd2+ 34. Ke3 Rxb2 35. Rc7 Bd2+ 36. Kf3 Rb3+ 37. Kg4 h5+ 38. Kxh5 Bxf4 39. Ng4+ Kf5 40. Rf7+ Ke4 41. Rxa7 e5 42. a5 bxa5 43. Rxa5 Kf5 44. h4 Rb8 0-1

[Event "Slovakia Open Piestany-A 2022"]
[Site "Piestany"]
[Date "2022.07.12"]
[Round "2.10"]
[White "Bochnicka, Vladimir"]
[Black "Haring, Filip"]
[Result "1/2-1/2"]
[ECO "B41"]
[WhiteElo "2295"]
[BlackElo "2451"]
[Annotator "ChessBase"]
[PlyCount "135"]
[EventDate "2022.07.12"]
[EventType "swiss"]
[EventCountry "SVK"]
[SourceTitle "playchess.com"]
[Source "ChessBase"]
[SourceQuality "1"]
[TimeControl "40/5400+30:1800+30"]

1. e4 c5 2. Nf3 e6 3. d4 cxd4 4. Nxd4 a6 5. c4 Nf6 6. Nc3 Qc7 7. a3 b6 8. Be3 Bb7 9. f3 Be7 10. Be2 d6 11. O-O O-O 12. Rc1 Re8 13. b4 Nbd7 14. Qe1 Rac8 15. Qf2 Qb8 16. Rfd1 Bd8 17. Nb3 Bc7 18. g3 h5 19. a4 h4 20. g4 d5 21. f4 e5 22. cxd5 exf4 23. Bd4 Ne5 24. h3 Bd6 25. Nd2 Bxb4 26. g5 Nh7 27. Qxf4 Ba3 28. Rc2 Qc7 29. Bg4 Nxg4 30. Qxc7 Rxc7 31. g6 Ng5 32. hxg4 b5 33. axb5 axb5 34. gxf7+ Kxf7 35. Ra2 b4 36. Nb5 Rd7 37. Nc4 Nxe4 38. Nbxa3 Rxd5 39. Nb1 Red8 40. Ra7 Rxd4 41. Rxb7+ Kg8 42. Rxd4 Rxd4 43. Rxb4 Kh7 44. Kh2 Nf2 45. Nbd2 Nxg4+ 46. Kh3 Ne3 47. Nxe3 Rxb4 48. Nf5 g5 49. Nf3 g4+ 50. Kxh4 gxf3+ 51. Kg3 f2 52. Ne3 Rb2 53. Kg2 Kg6 54. Nd1 Ra2 55. Nxf2 Kf5 56. Kf3 Ra3+ 57. Ke2 Kf4 58. Nd3+ Ke4 59. Nf2+ Kd4 60. Ng4 Rg3 61. Nf2 Re3+ 62. Kd2 Re8 63. Nd1 Ra8 64. Ke2 Ra2+ 65. Kf3 Ra3+ 66. Ke2 Ra2+ 67. Kf3 Rf2+ 68. Kxf2 1/2-1/2

[Event "Slovakia Open Piestany-A 2022"]
[Site "Piestany"]
[Date "2022.07.12"]
[Round "2.11"]
[White "Samunenkov, Ihor"]
[Black "Sharma Isha"]
[Result "1-0"]
[ECO "E42"]
[WhiteElo "2448"]
[BlackElo "2236"]
[Annotator "ChessBase"]
[PlyCount "73"]
[EventDate "2022.07.12"]
[EventType "swiss"]
[EventCountry "SVK"]
[SourceTitle "playchess.com"]
[Source "ChessBase"]
[SourceQuality "1"]
[TimeControl "40/5400+30:1800+30"]

1. d4 Nf6 2. c4 e6 3. Nc3 Bb4 4. e3 c5 5. Nge2 cxd4 6. exd4 d5 7. a3 Be7 8. c5 b6 9. b4 a5 10. Bf4 O-O 11. Rb1 Bd7 12. g3 Re8 13. Bg2 Bf8 14. O-O h6 15. h3 Nh7 16. Qd3 axb4 17. axb4 bxc5 18. dxc5 Na6 19. Be3 Qc7 20. Rfc1 Rec8 21. Qd2 Be8 22. Nf4 Qd8 23. Bd4 Rab8 24. Nd3 f6 25. Qe2 Nc7 26. b5 Bxb5 27. Nxb5 Nxb5 28. Qxe6+ Kh8 29. Bxd5 Be7 30. Nf4 Ng5 31. Ng6+ Kh7 32. Qf5 Qe8 33. Nxe7+ g6 34. Qxf6 Nxd4 35. Bg8+ Qxg8 36. Nxg8 Rf8 37. Rb7+ 1-0

[Event "Slovakia Open Piestany-A 2022"]
[Site "Piestany"]
[Date "2022.07.12"]
[Round "2.12"]
[White "Savitha Shri B"]
[Black "Piesik, Piotr"]
[Result "1/2-1/2"]
[ECO "C07"]
[WhiteElo "2278"]
[BlackElo "2440"]
[Annotator "ChessBase"]
[PlyCount "132"]
[EventDate "2022.07.12"]
[EventType "swiss"]
[EventCountry "SVK"]
[SourceTitle "playchess.com"]
[Source "ChessBase"]
[SourceQuality "1"]
[TimeControl "40/5400+30:1800+30"]

1. e4 e6 2. d4 d5 3. Nd2 c5 4. exd5 Qxd5 5. Ngf3 cxd4 6. Bc4 Qd6 7. O-O Nf6 8. Nb3 Nc6 9. Nbxd4 Nxd4 10. Nxd4 a6 11. Re1 Qc7 12. Qe2 Bd6 13. Bg5 Bd7 14. Nf5 Bf8 15. Rad1 O-O-O 16. Nh6 Be8 17. Ng4 Be7 18. Rxd8+ Bxd8 19. Ne5 Qb6 20. Bb3 Bc7 21. Bf4 Nd7 22. Nc4 Qc6 23. Qe3 Kb8 24. Qd4 Bxf4 25. Qxf4+ Qc7 26. Qg5 Rg8 27. Rd1 Nf6 28. Ne5 Bc6 29. Qf4 Ka8 30. Qd4 Rc8 31. c3 Bd5 32. c4 Be4 33. Ba4 Bg6 34. h3 Qc5 35. f4 Ne4 36. Nd7 Qxd4+ 37. Rxd4 Ka7 38. Ne5 Nc5 39. Bd1 a5 40. Kf2 Rc7 41. Ke3 Bb1 42. a3 f6 43. Nf3 a4 44. Rd8 Be4 45. Nd4 Bc6 46. g4 Bd7 47. Bf3 Kb6 48. h4 Rc8 49. Rxc8 Bxc8 50. Ne2 Bd7 51. Nc3 Kc7 52. g5 b6 53. Ne2 Kd6 54. Ng3 Be8 55. Bh5 Bc6 56. Bd1 Be8 57. Bh5 Bd7 58. Bd1 e5 59. Nh5 exf4+ 60. Nxf4 Ke5 61. gxf6 gxf6 62. Bf3 Be6 63. Bd5 Bxd5 64. Nxd5 Nd7 65. Nc3 Nc5 66. Nd5 Nd7 1/2-1/2

[Event "Slovakia Open Piestany-A 2022"]
[Site "Piestany"]
[Date "2022.07.12"]
[Round "2.13"]
[White "Brhel, Jan"]
[Black "Kostolansky, Sebastian Lukas"]
[Result "0-1"]
[ECO "A11"]
[WhiteElo "2018"]
[BlackElo "2406"]
[Annotator "ChessBase"]
[PlyCount "64"]
[EventDate "2022.07.12"]
[EventType "swiss"]
[EventCountry "SVK"]
[SourceTitle "playchess.com"]
[Source "ChessBase"]
[SourceQuality "1"]
[TimeControl "40/5400+30:1800+30"]

1. Nf3 d5 2. e3 Nf6 3. c4 e6 4. Nc3 c6 5. b3 Nbd7 6. Bb2 Bd6 7. Qc2 O-O 8. Rg1 a6 9. g4 b5 10. g5 Ne8 11. h4 bxc4 12. bxc4 Rb8 13. Bd3 f5 14. Na4 Qe7 15. Nd4 Ne5 16. Be2 c5 17. Nb3 dxc4 18. Nbxc5 Nc7 19. d4 cxd3 20. Nxd3 Nxd3+ 21. Bxd3 Nd5 22. a3 Bb7 23. Nc3 Rfc8 24. Nxd5 Bxd5 25. Qd2 Qb7 26. Bd4 Bh2 27. Kf1 Be4 28. Bxe4 Qxe4 29. Rg2 Rb1+ 30. Ke2 Rxa1 31. Bxa1 Rc2 32. Rxh2 Qc4+ 0-1

[Event "Slovakia Open Piestany-A 2022"]
[Site "Piestany"]
[Date "2022.07.12"]
[Round "2.14"]
[White "Moksh Amit Doshi"]
[Black "Tripodi, Enzo"]
[Result "1-0"]
[ECO "E07"]
[WhiteElo "2409"]
[BlackElo "2141"]
[Annotator "ChessBase"]
[PlyCount "69"]
[EventDate "2022.07.12"]
[EventType "swiss"]
[EventCountry "SVK"]
[SourceTitle "playchess.com"]
[Source "ChessBase"]
[SourceQuality "1"]
[TimeControl "40/5400+30:1800+30"]

1. d4 Nf6 2. c4 e6 3. g3 d5 4. Nf3 Be7 5. Bg2 O-O 6. O-O c6 7. Nc3 Nbd7 8. b3 Re8 9. Qc2 Bd6 10. Rd1 Qe7 11. Bb2 dxc4 12. bxc4 e5 13. e4 exd4 14. Nxd4 Ne5 15. Qb3 Bg4 16. f3 Be6 17. Nxe6 Qxe6 18. Na4 Nxc4 19. Bxf6 gxf6 20. Qxb7 Ne3 21. Rd2 Be5 22. Rc1 Rad8 23. Re2 Rd1+ 24. Rxd1 Nxd1 25. Rd2 Qc4 26. Rxd1 Qxa4 27. Qd7 Rb8 28. f4 Bc3 29. h4 Qxa2 30. Qxc6 Qe2 31. Rf1 Bd4+ 32. Kh1 Qe3 33. Qd7 Rb3 34. e5 Rd3 35. Bd5 1-0

[Event "Slovakia Open Piestany-A 2022"]
[Site "Piestany"]
[Date "2022.07.12"]
[Round "2.15"]
[White "Travnicek, Krystof Mikulas"]
[Black "Krasenkow, Michal"]
[Result "1/2-1/2"]
[ECO "B07"]
[WhiteElo "2138"]
[BlackElo "2569"]
[Annotator "ChessBase"]
[PlyCount "111"]
[EventDate "2022.07.12"]
[EventType "swiss"]
[EventCountry "SVK"]
[SourceTitle "playchess.com"]
[Source "ChessBase"]
[SourceQuality "1"]
[TimeControl "40/5400+30:1800+30"]

1. e4 d6 2. d4 Nf6 3. Nc3 c6 4. f4 Qa5 5. e5 Ne4 6. Qf3 Nxc3 7. Bd2 Bf5 8. Bd3 Bxd3 9. cxd3 Qd5 10. bxc3 Qxf3 11. Nxf3 e6 12. Ke2 Na6 13. Rab1 O-O-O 14. Ng5 Rd7 15. g4 h6 16. Ne4 c5 17. Be3 cxd4 18. Bxd4 d5 19. Nd2 Kb8 20. f5 Bc5 21. fxe6 fxe6 22. Nb3 Rc8 23. Kd2 Rdc7 24. Bxc5 Nxc5 25. Nd4 Na4 26. Nxe6 Rxc3 27. Rhc1 g5 28. Nd4 Ra3 29. Nc6+ Ka8 30. Nb4 Re8 31. Rb3 Rxb3 32. axb3 Nb6 33. d4 Rf8 34. Nd3 Kb8 35. Ke2 Rf7 36. h4 gxh4 37. Rh1 Nc8 38. Rxh4 Rg7 39. Nf4 Ne7 40. Kf3 Nc6 41. Nxd5 Nxd4+ 42. Ke4 Nxb3 43. Rxh6 Rxg4+ 44. Kf5 Rg8 45. e6 Nd4+ 46. Kf6 Nxe6 47. Kxe6 a5 48. Kd6 Rc8 49. Rh3 Rc6+ 50. Ke5 Ka7 51. Ra3 b6 52. Kd4 Rh6 53. Rb3 Kb7 54. Rxb6+ Rxb6 55. Nxb6 Kxb6 56. Kc4 1/2-1/2

[Event "Slovakia Open Piestany-A 2022"]
[Site "Piestany"]
[Date "2022.07.12"]
[Round "2.16"]
[White "Balint, Peter"]
[Black "Lewtak, Damian"]
[Result "0-1"]
[ECO "B29"]
[WhiteElo "2051"]
[BlackElo "2397"]
[Annotator "ChessBase"]
[PlyCount "96"]
[EventDate "2022.07.12"]
[EventType "swiss"]
[EventCountry "SVK"]
[SourceTitle "playchess.com"]
[Source "ChessBase"]
[SourceQuality "1"]
[TimeControl "40/5400+30:1800+30"]

1. e4 c5 2. Nf3 Nf6 3. Nc3 Nc6 4. d4 d5 5. exd5 Nxd5 6. Nxd5 Qxd5 7. Be3 cxd4 8. Nxd4 Nxd4 9. Qxd4 Qxd4 10. Bxd4 Bd7 11. O-O-O h5 12. Bc4 Bc6 13. f3 h4 14. h3 e6 15. Rhe1 Be7 16. Re2 Bg5+ 17. Kb1 Bf6 18. Be3 Rh5 19. Bd3 a5 20. Bb6 Rd5 21. c4 Rd6 22. Kc2 Ba4+ 23. b3 Bxb3+ 24. axb3 Rxb6 25. Re4 a4 26. Rb1 axb3+ 27. Kd1 b2 28. c5 Rb3 29. Bc2 Ra1 30. Rc4 Rxb1+ 31. Bxb1 Kd7 32. Kc2 Ra3 33. Rb4 Kc7 34. Rb5 Ra1 35. Rb4 Ra5 36. Rc4 Kc6 37. Kd3 Ra1 38. Kc2 Kb5 39. Re4 Kxc5 40. Re3 Ra4 41. Re4 Ra7 42. Kb3 b5 43. Kc2 b4 44. Re3 Kb5 45. Re1 Rc7+ 46. Kd3 Rc1 47. Ke2 Ka4 48. Rd1 Rxb1 0-1

[Event "Slovakia Open Piestany-A 2022"]
[Site "Piestany"]
[Date "2022.07.12"]
[Round "2.17"]
[White "Farkas, Gabor"]
[Black "Drtina, Milan"]
[Result "1-0"]
[ECO "C50"]
[WhiteElo "2335"]
[BlackElo "2167"]
[Annotator "ChessBase"]
[PlyCount "86"]
[EventDate "2022.07.12"]
[EventType "swiss"]
[EventCountry "SVK"]
[SourceTitle "playchess.com"]
[Source "ChessBase"]
[SourceQuality "1"]
[TimeControl "40/5400+30:1800+30"]

1. e4 e5 2. Nf3 Nc6 3. Bc4 Be7 4. d4 exd4 5. c3 dxc3 6. Qd5 Nh6 7. Bxh6 O-O 8. Bxg7 Kxg7 9. Nxc3 d6 10. Qh5 Bf6 11. O-O Bxc3 12. bxc3 Qf6 13. Rab1 Ne5 14. Nxe5 Qxe5 15. Qf3 c6 16. Qe3 b5 17. f4 Qc5 18. Qxc5 dxc5 19. Bb3 Re8 20. Rbe1 a5 21. f5 f6 22. Rf4 c4 23. Bc2 Ra7 24. Rg4+ Kh8 25. h4 Rae7 26. Rf4 c5 27. g4 h6 28. Kf2 Rd8 29. Ke3 Red7 30. Rf2 b4 31. g5 hxg5 32. hxg5 fxg5 33. Rh1+ Rh7 34. Rxh7+ Kxh7 35. e5 Rd5 36. f6+ Kg8 37. Ke4 Be6 38. Rg2 Kf8 39. Ba4 g4 40. Rh2 g3 41. Rh8+ Bg8 42. e6 Rg5 43. e7+ Kf7 1-0

[Event "Slovakia Open Piestany-A 2022"]
[Site "Piestany"]
[Date "2022.07.12"]
[Round "2.18"]
[White "Mullick, Raahil"]
[Black "Dixit, Nikhil"]
[Result "1/2-1/2"]
[ECO "C11"]
[WhiteElo "2237"]
[BlackElo "2325"]
[Annotator "ChessBase"]
[PlyCount "89"]
[EventDate "2022.07.12"]
[EventType "swiss"]
[EventCountry "SVK"]
[SourceTitle "playchess.com"]
[Source "ChessBase"]
[SourceQuality "1"]
[TimeControl "40/5400+30:1800+30"]

1. e4 e6 2. d4 d5 3. Nc3 Nf6 4. e5 Nfd7 5. f4 c5 6. Nf3 Nc6 7. Be3 a6 8. Qd2 b5 9. a3 Qa5 10. dxc5 Bxc5 11. Bxc5 Nxc5 12. Nd4 Qb6 13. Nxc6 Qxc6 14. h4 Bb7 15. Rh3 O-O 16. O-O-O Qb6 17. Qd4 Rfc8 18. h5 Bc6 19. f5 Nd7 20. fxe6 fxe6 21. Qg4 Re8 22. h6 g6 23. Qg5 Qd8 24. Qe3 Qb8 25. Rh5 Rf8 26. Rg5 Qa7 27. Qg3 Kh8 28. Ne2 Nc5 29. Nc3 Rab8 30. b4 Ne4 31. Nxe4 dxe4 32. Rg4 a5 33. Qc3 Rbc8 34. Rg3 Bd5 35. Qe3 Qc7 36. c3 axb4 37. axb4 Ra8 38. Bxb5 Ra2 39. Rd2 Ra1+ 40. Kb2 Rfa8 41. Rxd5 exd5 42. Qd4 R8a2+ 43. Kb3 Ra3+ 44. Kb2 R3a2+ 45. Kb3 1/2-1/2

[Event "Slovakia Open Piestany-A 2022"]
[Site "Piestany"]
[Date "2022.07.12"]
[Round "2.19"]
[White "Neugebauer, Martin"]
[Black "Compel, Daniel"]
[Result "1-0"]
[ECO "B70"]
[WhiteElo "2528"]
[BlackElo "2098"]
[Annotator "ChessBase"]
[PlyCount "71"]
[EventDate "2022.07.12"]
[EventType "swiss"]
[EventCountry "SVK"]
[SourceTitle "playchess.com"]
[Source "ChessBase"]
[SourceQuality "1"]
[TimeControl "40/5400+30:1800+30"]

1. e4 c5 2. Nc3 a6 3. Nge2 d6 4. g3 g6 5. Bg2 Bg7 6. d4 cxd4 7. Nxd4 Nf6 8. O-O O-O 9. h3 Bd7 10. Nde2 Nc6 11. a4 Rc8 12. Be3 Qc7 13. Nd5 Nxd5 14. exd5 Na5 15. c3 Nc4 16. Bc1 b5 17. axb5 axb5 18. b3 Nb6 19. Be3 Ra8 20. Rc1 Ra3 21. Nd4 Rc8 22. Re1 Bf6 23. Qd2 Re8 24. h4 h5 25. Bg5 Be5 26. Qd3 Qc5 27. Ne6 Bxe6 28. dxe6 f5 29. Be3 Qc7 30. Qxb5 Rb8 31. Ra1 Qa7 32. Rxa3 Qxa3 33. Bxb6 Bxc3 34. Rd1 Ba5 35. Qxa5 Qxb3 36. Rxd6 1-0

[Event "Slovakia Open Piestany-A 2022"]
[Site "Piestany"]
[Date "2022.07.12"]
[Round "2.20"]
[White "Pacher, Milan"]
[Black "Nadzamova, Viktoria"]
[Result "1/2-1/2"]
[ECO "E60"]
[WhiteElo "2399"]
[BlackElo "2133"]
[Annotator "ChessBase"]
[PlyCount "159"]
[EventDate "2022.07.12"]
[EventType "swiss"]
[EventCountry "SVK"]
[SourceTitle "playchess.com"]
[Source "ChessBase"]
[SourceQuality "1"]
[TimeControl "40/5400+30:1800+30"]

1. d4 Nf6 2. c4 g6 3. f3 Bg7 4. e4 e5 5. dxe5 Nxe4 6. fxe4 Qh4+ 7. Kd2 Qxe4 8. Nf3 d5 9. exd6 O-O 10. Bd3 Qg4 11. Qe2 Nc6 12. Nc3 Nb4 13. Re1 Nxd3 14. Qxd3 Bf5 15. Qe2 Rad8 16. Kd1 Rxd6+ 17. Nd2 Qh4 18. h3 Rfd8 19. Nd5 Re6 20. Ne3 Bd3 21. Qf3 Bd4 22. g4 Qxe1+ 23. Kxe1 Rxe3+ 24. Qxe3 Bxe3 25. Nf3 Bb6 26. Bg5 Re8+ 27. Kd2 Be2 28. b4 Bxc4 29. Bf6 c5 30. Ne5 Be6 31. a3 Bd8 32. Bxd8 Rxd8+ 33. Kc3 c4 34. Re1 b5 35. Re3 Kg7 36. Nc6 Rd7 37. Nd4 a6 38. a4 Kf6 39. axb5 axb5 40. Nxb5 Rd1 41. Nc7 Bd7 42. b5 Rb1 43. Kxc4 Rc1+ 44. Rc3 Rxc3+ 45. Kxc3 Ke5 46. b6 Kd6 47. Kd4 Kc6 48. Nd5 Be6 49. Nf4 Ba2 50. Ke5 Kxb6 51. Kd6 Bc4 52. g5 Kb7 53. h4 Kc8 54. Ke7 Kc7 55. Nh3 Be6 56. Nf2 Kc6 57. Ne4 Kd5 58. Nd6 Bh3 59. Nxf7 Ke4 60. Kf6 Kf3 61. Kg7 Bf5 62. Kxh7 Kg3 63. Kg7 Kxh4 64. Kf6 Kh5 65. Nd8 Bg4 66. Nc6 Bf3 67. Ne5 Be4 68. Nc4 Bd3 69. Nd6 Bc2 70. Nb5 Bd3 71. Nd4 Bb1 72. Ne6 Bc2 73. Nf4+ Kg4 74. Nxg6 Bb1 75. Ne5+ Kf4 76. Nd7 Bc2 77. Nc5 Bb1 78. Ne6+ Kg4 79. Nd4 Bd3 80. g6 1/2-1/2

[Event "Slovakia Open Piestany-A 2022"]
[Site "Piestany"]
[Date "2022.07.12"]
[Round "2.21"]
[White "Skreko, Igor"]
[Black "Pniaczek, Marek"]
[Result "0-1"]
[ECO "D35"]
[WhiteElo "2193"]
[BlackElo "2312"]
[Annotator "ChessBase"]
[PlyCount "90"]
[EventDate "2022.07.12"]
[EventType "swiss"]
[EventCountry "SVK"]
[SourceTitle "playchess.com"]
[Source "ChessBase"]
[SourceQuality "1"]
[TimeControl "40/5400+30:1800+30"]

1. d4 Nf6 2. c4 e6 3. Nc3 d5 4. cxd5 exd5 5. Bg5 c6 6. e3 Bd6 7. Bd3 O-O 8. Qc2 h6 9. Bh4 Re8 10. Nf3 Be6 11. O-O Nbd7 12. Rab1 a5 13. a3 Qb8 14. Bg3 Bxg3 15. hxg3 Qd6 16. Rfc1 Bg4 17. Nd2 b5 18. a4 b4 19. Ne2 Rec8 20. Nb3 Kf8 21. f3 Be6 22. Kf2 Rc7 23. Nf4 g5 24. Ne2 Nb6 25. Nc5 Re7 26. Rh1 Kg7 27. Rbe1 Rae8 28. Nc1 Bc8 29. N1b3 Ra7 30. Rh2 Rh8 31. Qc1 Re8 32. Reh1 Rh8 33. Nd2 Re7 34. Bb1 Rxe3 35. Kxe3 Qxg3 36. Nde4 dxe4 37. Nxe4 Nbd5+ 38. Kd3 Ba6+ 39. Kc2 Nxe4 40. Kb3 Nf2 41. Qxc6 Nxh1 42. Rxh1 Bc8 43. Be4 Nf6 44. Rd1 Bd7 45. Qb6 Nxe4 0-1

[Event "Slovakia Open Piestany-A 2022"]
[Site "Piestany"]
[Date "2022.07.12"]
[Round "2.22"]
[White "Michelle Catherina, P."]
[Black "Palchuk, Andrii"]
[Result "0-1"]
[ECO "B12"]
[WhiteElo "2141"]
[BlackElo "2248"]
[Annotator "ChessBase"]
[PlyCount "68"]
[EventDate "2022.07.12"]
[EventType "swiss"]
[EventCountry "SVK"]
[SourceTitle "playchess.com"]
[Source "ChessBase"]
[SourceQuality "1"]
[TimeControl "40/5400+30:1800+30"]

1. e4 c6 2. d4 d5 3. f3 Qb6 4. Nc3 dxe4 5. Nxe4 Nf6 6. c3 Nbd7 7. Bc4 e6 8. Ne2 c5 9. O-O cxd4 10. cxd4 Be7 11. Kh1 O-O 12. Bb3 Rd8 13. Bg5 Nf8 14. Qc1 Ng6 15. Bxf6 gxf6 16. Qh6 Kh8 17. f4 Rg8 18. Rf3 Nf8 19. Qh5 Rg7 20. Rg3 Ng6 21. d5 Bd7 22. Rd1 exd5 23. N4c3 Bc6 24. Qh6 Rag8 25. Nd4 Bd6 26. Nce2 Bd7 27. Bxd5 Qc7 28. Rc3 Qb8 29. f5 Nf4 30. Nxf4 Bxf4 31. Qxf6 Bg5 32. Qxg7+ Rxg7 33. Nf3 Bf6 34. Rb3 Ba4 0-1

[Event "Slovakia Open Piestany-A 2022"]
[Site "Piestany"]
[Date "2022.07.12"]
[Round "2.23"]
[White "Domalchuk-Jonasson, Aleksandr"]
[Black "Soham Datar"]
[Result "1/2-1/2"]
[ECO "D11"]
[WhiteElo "2244"]
[BlackElo "2111"]
[Annotator "ChessBase"]
[PlyCount "119"]
[EventDate "2022.07.12"]
[EventType "swiss"]
[EventCountry "SVK"]
[SourceTitle "playchess.com"]
[Source "ChessBase"]
[SourceQuality "1"]
[TimeControl "40/5400+30:1800+30"]

1. d4 d5 2. c4 c6 3. Nf3 Nf6 4. e3 a6 5. Bd3 b5 6. b3 Bg4 7. Nbd2 Nbd7 8. Qc2 Bxf3 9. Nxf3 e6 10. O-O Bd6 11. Bb2 Qb8 12. e4 bxc4 13. bxc4 dxe4 14. Bxe4 Nxe4 15. Qxe4 O-O 16. Qxc6 Ra7 17. c5 Bxc5 18. dxc5 Qxb2 19. h3 Qa3 20. Rfc1 Qa5 21. Qd6 Rc8 22. c6 Nf6 23. Rab1 Rac7 24. Ne5 h6 25. Rc5 Qxa2 26. Rb8 Qxf2+ 27. Kxf2 Ne4+ 28. Kf3 Nxd6 29. Nd7 Rxb8 30. Nxb8 Kf8 31. Ra5 Ke7 32. Rxa6 Nf5 33. g4 Nd6 34. Nd7 Nc8 35. Ke4 Kd6 36. Ne5 f6 37. Nc4+ Kc5 38. Na5 Ra7 39. Nb7+ Kb5 40. Rxa7 Nxa7 41. Nd8 Nxc6 42. Nxe6 g6 43. Nf4 Ne7 44. Nxg6 Nxg6 45. Kf5 Nh4+ 46. Kxf6 Kc6 47. Kg7 Kd7 48. Kxh6 Ke7 49. g5 Kf7 50. Kh5 Nf3 51. h4 Kg7 52. Kg4 Nxg5 53. hxg5 Kg6 54. Kf4 Kg7 55. Kf5 Kf7 56. g6+ Kg7 57. Kg5 Kg8 58. Kh6 Kh8 59. g7+ Kg8 60. Kg6 1/2-1/2

[Event "Slovakia Open Piestany-A 2022"]
[Site "Piestany"]
[Date "2022.07.12"]
[Round "2.24"]
[White "Warchol, Kamil"]
[Black "Leszko, Bence"]
[Result "1/2-1/2"]
[ECO "B50"]
[WhiteElo "2121"]
[BlackElo "2241"]
[Annotator "ChessBase"]
[PlyCount "90"]
[EventDate "2022.07.12"]
[EventType "swiss"]
[EventCountry "SVK"]
[SourceTitle "playchess.com"]
[Source "ChessBase"]
[SourceQuality "1"]
[TimeControl "40/5400+30:1800+30"]

1. e4 c5 2. Nf3 e6 3. b3 d6 4. Bb2 Nf6 5. e5 dxe5 6. Nxe5 Nbd7 7. Qf3 Nxe5 8. Bxe5 a6 9. Be2 Bd6 10. Bxd6 Qxd6 11. Qg3 Qxg3 12. hxg3 Bd7 13. Bf3 Rb8 14. Nc3 Ke7 15. O-O Rhc8 16. d3 Bc6 17. Bxc6 Rxc6 18. a4 b6 19. Rfe1 Rd8 20. Re2 Nd5 21. Nxd5+ Rxd5 22. Rae1 Rd4 23. Re3 h6 24. f3 Rdd6 25. Ra1 f6 26. g4 Kf7 27. Re4 Rd4 28. Kf2 e5 29. Ke3 Kg6 30. g3 Rcd6 31. Ke2 Kg5 32. Rh1 Rxe4+ 33. dxe4 Kg6 34. Rb1 Kf7 35. Rb2 Ke6 36. c3 Kd7 37. Rd2 Rxd2+ 38. Kxd2 c4 39. b4 b5 40. axb5 axb5 41. Ke3 Ke6 42. f4 Kf7 43. f5 g6 44. Kf3 Kg7 45. Kg2 g5 1/2-1/2

[Event "Slovakia Open Piestany-A 2022"]
[Site "Piestany"]
[Date "2022.07.12"]
[Round "2.25"]
[White "Chlpik, Martin"]
[Black "Sevcikova, Lucia"]
[Result "0-1"]
[ECO "D02"]
[WhiteElo "2236"]
[BlackElo "2036"]
[Annotator "ChessBase"]
[PlyCount "102"]
[EventDate "2022.07.12"]
[EventType "swiss"]
[EventCountry "SVK"]
[SourceTitle "playchess.com"]
[Source "ChessBase"]
[SourceQuality "1"]
[TimeControl "40/5400+30:1800+30"]

1. d4 d5 2. Nf3 Nf6 3. Bf4 e6 4. e3 c5 5. Nc3 a6 6. Ne5 Nc6 7. a3 Nxe5 8. Bxe5 Bd6 9. e4 Bxe5 10. dxe5 Nxe4 11. Nxe4 dxe4 12. Qg4 O-O 13. Qxe4 Qa5+ 14. c3 Bd7 15. Qxb7 Bb5 16. Bxb5 axb5 17. O-O Rfb8 18. Qe4 b4 19. Rfc1 bxc3 20. Rxc3 Rxb2 21. Rxc5 Qa7 22. Qe3 Qb7 23. h4 h6 24. Rac1 Rb3 25. Qf4 Rb1 26. Rxb1 Qxb1+ 27. Rc1 Qb3 28. Rc7 Qb1+ 29. Kh2 Qf5 30. Qe3 Ra4 31. Rc5 Rxh4+ 32. Kg1 Qh5 33. Rc8+ Kh7 34. Qd3+ g6 35. g3 Rh1+ 36. Kg2 Rd1 37. Qxd1 Qxd1 38. f4 Kg7 39. Rb8 Qa4 40. Rb2 Qxa3 41. Rf2 Qe3 42. Rf1 g5 43. Rf2 h5 44. Rf1 h4 45. gxh4 gxh4 46. Kh2 Qg3+ 47. Kh1 Kh6 48. f5 h3 49. Rg1 Qf3+ 50. Kh2 Qf2+ 51. Kh1 Qxf5 0-1

[Event "Slovakia Open Piestany-A 2022"]
[Site "Piestany"]
[Date "2022.07.12"]
[Round "2.26"]
[White "Zdrazil, Patrik"]
[Black "Aradhya, Garg"]
[Result "1/2-1/2"]
[ECO "C47"]
[WhiteElo "2103"]
[BlackElo "2229"]
[Annotator "ChessBase"]
[PlyCount "48"]
[EventDate "2022.07.12"]
[EventType "swiss"]
[EventCountry "SVK"]
[SourceTitle "playchess.com"]
[Source "ChessBase"]
[SourceQuality "1"]
[TimeControl "40/5400+30:1800+30"]

1. e4 e5 2. Nf3 Nc6 3. d4 exd4 4. Nxd4 Nf6 5. Nc3 Bb4 6. Nxc6 bxc6 7. Bd3 O-O 8. O-O d5 9. exd5 cxd5 10. Bg5 c6 11. Qf3 Bd6 12. Rae1 Rb8 13. Nd1 h6 14. Bxf6 Qxf6 15. Qxf6 gxf6 16. b3 f5 17. Ne3 f4 18. Nf5 Bxf5 19. Bxf5 Kg7 20. Bd7 Rb6 21. Re8 Rxe8 22. Bxe8 Be5 23. Bd7 Kf8 24. Re1 Bd4 1/2-1/2